 Dungeon Crawl Stone Soup version 0.21.1-1-g345015fe64 (webtiles) character file.

79 Evaline the Shooter (level 4, 2/36 HPs)
             Began as a Centaur Hunter on June 20, 2018.
             Was an Initiate of Okawaru.
             Quit the game on level 3 of the Dungeon.
             The game lasted 00:14:59 (2372 turns).

Evaline the Shooter (Centaur Hunter)                Turns: 2372, Time: 00:14:59

Health: 2/36       AC:  7    Str: 15    XL:     4   Next: 16%
Magic:  4/4        EV:  4    Int: 14    God:    Okawaru [......]
Gold:   136        SH:  0    Dex: 10    Spells: 3/3 levels left

rFire    . . .     SeeInvis .   b - -2 mace (curse)
rCold    . . .     Gourm    .   (no shield)
rNeg     . . .     Faith    .   m - +0 chain mail (curse)
rPois    .         Spirit   .   (no helmet)
rElec    .         Reflect  .   (no cloak)
rCorr    .         Harm     .   (no gloves)
MR       .....                  (no barding)
Stlth    ..........             (no amulet)
HPRegen  0.12/turn              r - +4 ring of intelligence
MPRegen  0.09/turn              (no ring)

@: lethally poisoned (2 -> -6), very quick
A: large, hooves 3, deformed body, speed 2, tough skin 3
a: Renounce Religion


You were on level 3 of the Dungeon.
You worshipped Okawaru.
Okawaru was noncommittal.
You were hungry.

You visited 1 branch of the dungeon, and saw 3 of its levels.

You collected 136 gold pieces.

Inventory:

Hand Weapons
 a - a +1 shortbow
 b - a cursed -2 mace (weapon)
 p - a +0 hand axe
 t - a +0 trident
Missiles
 d - 32 arrows
 e - 89 stones (quivered)
Armour
 m - a cursed +0 chain mail (worn)
Jewellery
 j - an uncursed ring of flight {unknown}
 r - a +4 ring of intelligence (left hand)
Scrolls
 g - a scroll of amnesia {unknown}
 i - 2 scrolls of identify {unknown}
 l - a scroll of remove curse {unknown}
 n - a scroll of fog {unknown}
 q - 3 scrolls of teleportation {unknown}
 s - a scroll of immolation {unknown}
Potions
 c - 3 potions of agility {unknown}
 h - a potion of brilliance {unknown}
 k - a potion of haste {unknown}
 o - a potion of might {unknown}
Comestibles
 f - 6 rations


   Skills:
 - Level 2.0 Fighting
 * Level 7.1 Bows
 + Level 1.1 Armour
 - Level 1.3 Dodging
 - Level 0.4 Stealth


You had 3 spell levels left.
You didn't know any spells.

Dungeon Overview and Level Annotations

Branches:
Dungeon (3/15)

Altars:
Kikubaaqudgha
Okawaru

Annotations:
D:2 Terence


Innate Abilities, Weirdness & Mutations

You have hooves in place of feet.
Armour fits poorly on your strangely shaped body.
You cover ground very quickly.
You have extremely tough skin. (AC +3)


Message History

You are too injured to fight recklessly!
You are too injured to fight recklessly!
Your chain mail prevents you from hitting the adder.
Your kick misses the adder.
The adder is heavily wounded.
* * * LOW HITPOINT WARNING * * *
You feel sick.
The quokka bites you but does no damage.
The adder barely misses you.
The quokka bites you but does no damage.
The adder barely misses you.
You closely miss the adder.
The adder is heavily wounded.
* * * LOW HITPOINT WARNING * * *
You feel sick.
The quokka bites you but does no damage.
The adder bites you but does no damage.
The quokka bites you but does no damage.
The adder barely misses you.
Are you sure you want to abandon this character and quit the game? (Confirm with "yes".)

#+## #..## ##
#...## ##..
#....## ##...
#.....##
#.....#@S....##
......#r......#
#.......####.
##.#.<$......#
.........#######
####.###... #.
##### #


You could see an adder and a quokka.

Vanquished Creatures
  An ooze (D:1)
  4 worms (D:2)
  A dart slug (D:1)
  2 leopard geckos (D:1)
  3 bat zombies (D:2)
  4 giant cockroaches
  7 hobgoblins
  4 jackals (D:1)
  9 bats
  6 frilled lizards (D:1)
  6 kobolds (D:1)
  6 rats
  2 rat zombies (D:2)
55 creatures vanquished.

Notes
Turn   | Place    | Note
-------+----------+-------------------------------------------
     0 | D:1      | Evaline the Centaur Hunter began the quest for the Orb.
     0 | D:1      | Reached XP level 1. HP: 17/17 MP: 1/1
   677 | D:1      | Reached XP level 2. HP: 22/24 MP: 2/2
   701 | D:1      | Reached skill level 6 in Bows
  1013 | D:1      | Reached XP level 3. HP: 26/29 MP: 3/3
  1661 | D:2      | Reached skill level 1 in Armour
  1700 | D:2      | Found an iron altar of Okawaru.
  1714 | D:2      | Became a worshipper of Warmaster Okawaru
  1760 | D:2      | Reached skill level 7 in Bows
  1871 | D:2      | Reached XP level 4. HP: 21/36 MP: 4/4
  1872 | D:2      | Noticed Terence
  2061 | D:2      | Found an ancient bone altar of Kikubaaqudgha.
  2372 | D:3      | Quit the game

Skill      XL: |  1  2  3 |
---------------+----------+-----
Bows           | 6 7 |  7.1
Armour         | 1 |  1.1
Fighting       | |  2.0
Dodging        | |  1.3
Stealth        | |  0.4

Action                   |  1- 3 |  4- 6 || total
-------------------------+-------+-------++-------
Melee: Short sword       |   120 |       ||   120
       Kick              |    30 |     9 ||    39
       Mace              |    13 |    47 ||    60
 Fire: Shortbow          |    22 |       ||    22
  Eat: Chunk             |     2 |     1 ||     3
Armor: Leather armour    |    35 |       ||    35
       Chain mail        |    44 |    49 ||    93
Dodge: Dodged            |    60 |    19 ||    79
